 Dungeon Crawl Stone Soup version 0.15.2 (webtiles) character file.

126 RottenBandages the Insei (level 4, -2/35 HPs)
             Began as a Mummy Monk on Oct 31, 2015.
             Slain by an orc
             ... wielding a +0 short sword
              (4 damage)
             ... on Level 3 of the Dungeon.
             The game lasted 00:01:58 (2675 turns).

RottenBandages the Insei (Mummy Monk)               Turns: 2675, Time: 00:01:59

HP  -2/35        AC  2     Str 14      XL: 4   Next: 84%
MP   4/4         EV 13     Int  9      God:
Gold 60          SH  0     Dex 15      Spells:  0 memorised,  3 levels left

rFire  x . .     SeeInvis .       - Unarmed
rCold  + . .     Clarity  .     a - +0 robe
rNeg   + + +     rCorr    .     (no shield)
rPois  +         rRot     +     (no helmet)
rElec  .         Spirit   .     (no cloak)
SustAb .         Warding  .     (no gloves)
rMut   .         Stasis   .     (no boots)
Gourm  .                        (no amulet)
MR     .....                    (no ring)
                                (no ring)

@: not resistant to hostile enchantments, unstealthy
A: no food or potions, fire vulnerability, restore body, cold resistance 1,
negative energy resistance 3, poison resistance, torment resistance, unbreathing
a: no special abilities


You were on level 3 of the Dungeon.
You were not hungry.

You visited 1 branch of the dungeon, and saw 3 of its levels.

You collected 60 gold pieces.


Innate Abilities, Weirdness & Mutations

You do not eat or drink.
Your flesh is vulnerable to fire.
Your flesh is cold resistant.
You are immune to negative energy.
Your system is resistant to poisons.
You are immune to unholy pain and torment.
You can survive without breathing.


   Skills:
 - Level 3.0 Fighting
 - Level 2.4 Dodging
 - Level 1.5 Stealth
 + Level 5.1 Unarmed Combat


You had 3 spell levels left.
You didn't know any spells.

Inventory:

Armour
 a - a +0 robe (worn)
Scrolls
 b - 6 scrolls of remove curse {unknown}
 c - 2 scrolls of noise {unknown}
 d - 4 scrolls of identify {unknown}
 e - a scroll of amnesia {unknown}
 f - 3 scrolls of teleportation {unknown}
 g - 2 scrolls of enchant weapon {unknown}
 h - a scroll of enchant armour {unknown}
 i - a scroll of magic mapping {unknown}

Dungeon Overview and Level Annotations

Branches:
Dungeon (3/15)

Altars:
Nemelex Xobeh

#........#
###.###...### ##...#
#.....#.
####..#####.#........
....................)
.......#...>#.[......
.........##...#######
.......%)#...###
..<....SM%.###
..?....oo.........
.......#########
....... #######


You could see an adder and 2 orcs.


Message History

You hit the orc.
The orc is moderately wounded.
The adder barely misses you.
You hit the orc.
You kill the orc!
The adder bites you but does no damage. The orc priest hits you.
You punch the orc priest!
The orc priest is severely wounded.
The orc closely misses you. The adder misses you.
The orc priest hits you but does no damage.
The orc hits you with a short sword.
You hit the orc priest.
The orc priest is almost dead.
The adder closely misses you. The orc hits you with a war axe.
The orc priest mumbles some strange prayers to Beogh against you.
You are unaffected.
You barely miss the orc priest.
The orc priest is almost dead.
The adder bites you.
* * * LOW HITPOINT WARNING * * *
The orc closely misses you. The orc priest closely misses you.
The adder bites you.
* * * LOW HITPOINT WARNING * * *
The orc hits you with a war axe!
* * * LOW HITPOINT WARNING * * *
You hit the orc priest.
You kill the orc priest!
Your Unarmed Combat skill increases to level 5!
The orc hits you with a short sword.
You die...

Action                   |  1- 3 |  4- 6 || total
-------------------------+-------+-------++-------
Melee: Unarmed           |   147 |    45 ||   192
 Stab: Sleeping          |     3 |       ||     3

Vault maps used:
D:1:      dpeg_arrival_boxorama, nemelex_xobeh_ov_fountains_minmay
D:3:      nicolae_overflow_hidden_temple, uniq_sigmund

Notes
Turn   | Place    | Note
--------------------------------------------------------------
     0 | D:1      | RottenBandages, the Mummy Monk, began the quest for the Orb.
     0 | D:1      | Reached XP level 1. HP: 18/18 MP: 1/1
   299 | D:1      | Reached XP level 2. HP: 14/24 MP: 2/2
   758 | D:1      | Found a sparkling altar of Nemelex Xobeh.
  1142 | D:2      | Reached skill level 4 in Unarmed Combat
  1291 | D:2      | HP: 2/24 [worm (2)]
  1298 | D:2      | Reached XP level 3. HP: 3/29 MP: 3/3
  2220 | D:2      | Reached XP level 4. HP: 22/35 MP: 4/4
  2674 | D:3      | HP: 2/35 [orc/war axe (10)]
  2675 | D:3      | Reached skill level 5 in Unarmed Combat
  2675 | D:3      | Slain by an orc

Vanquished Creatures
  An orc priest (D:3)
  3 adders (D:2)
  A giant mite (D:2)
  3 worms (D:2)
  4 giant geckos
  An ooze (D:1)
  An orc (D:3)
  3 bats
  2 giant cockroaches
  6 hobgoblins
  9 kobolds
  A quokka (D:2)
  A ball python (D:2)
  A giant newt (D:1)
  4 goblins
  5 rats
46 creatures vanquished.
